[Event "16th EWICC 2015"]
[Site "Kutaisi"]
[Date "2015.06.01"]
[Round "4"]
[White "Gaponenko, Inna"]
[Black "Charkhalashvili, Inga"]
[Result "1-0"]
[ECO "B13"]
[WhiteElo "2391"]
[BlackElo "2318"]
[Annotator "Robot 11"]
[PlyCount "115"]
[EventDate "2015.??.??"]
[EventCountry "GEO"]
[TimeControl "900+10"]

1. e4 c6 2. d4 d5 3. exd5 cxd5 4. c4 Nf6 5. Nc3 Nc6 6. cxd5 Nxd5 7. Nf3 g6 8. Qb3 Nxc3 9. Bc4 e6 10. bxc3 Na5 11. Bb5+ Bd7 12. Qa4 Bc6 13. O-O a6 14. Bxc6+ Nxc6 15. c4 Bg7 16. d5 exd5 17. Re1+ Kf8 18. Rb1 Qa5 19. Qb3 b5 20. cxb5 Nd4 21. Qa3+ Qxa3 22. Bxa3+ Kg8 23. Nxd4 Bxd4 24. b6 Kg7 25. Red1 Be5 26. Rxd5 Rhe8 27. g3 Rab8 28. Rxe5 Rxe5 29. Bb2 f6 30. Bxe5 fxe5 31. b7 Kf6 32. Kf1 Ke6 33. Ke2 Kd5 34. Ke3 a5 35. a4 Kc6 36. Ke4 Kd6 37. h4 Kc7 38.
g4 Kd6 39. g5 Kc7 40. Rb5 Kd6 41. Rb2 Kc7 42. f3 Kd6 43. Rb3 Kc7 44. Kxe5 Re8+ 45. Kf6 Kb8 46. Kg7 Re7+ 47. Kh6 Rf7 48. h5 gxh5 49. Kxh5 Rf4 50. Kh6 Rh4+ 51. Kg7 Rxa4 52. Kxh7 Rh4+ 53. Kg8 Rb4 54. Ra3 a4 55. g6 Kxb7 56. g7 Ka6 57. Kh7 Rb7 58. Kh8 1-0

[Event "16th EWICC 2015"]
[Site "Kutaisi"]
[Date "2015.06.01"]
[Round "4"]
[White "Giorgadze, Elene"]
[Black "Gognadze, Tsira"]
[Result "0-1"]
[ECO "C10"]
[WhiteElo "1185"]
[BlackElo "1144"]
[Annotator "Robot 11"]
[PlyCount "49"]
[EventDate "2015.??.??"]
[EventCountry "GEO"]
[TimeControl "900+10"]

1. e4 e6 2. d4 d5 3. Nc3 dxe4 4. Nxe4 Nd7 5. Nf3 Ngf6 6. Bg5 Be7 7. Bd3 Nxe4 8. Bxe7 Qxe7 9. Bxe4 Nf6 10. Qd3 Nxe4 11. Qxe4 Qb4+ 12. c3 Qxb2 13. O-O Qxc3 14. Rfc1 Qa5 15. Rc5 Qb6 16. Rb1 Qd6 17. Qg4 O-O 18. Rg5 g6 19. Qh5 Kh8 20. Qh6 Rg8 21.
Nh4 Qxd4 22. h3 Qg7 23. Qxg7+ Kxg7 24. Rc1 c6 25. Rg3 0-1

[Event "16th EWICC 2015"]
[Site "Kutaisi"]
[Date "2015.06.01"]
[Round "4"]
[White "Gunina, Valentina"]
[Black "Kosteniuk, Alexandra"]
[Result "1/2-1/2"]
[ECO "E33"]
[WhiteElo "2535"]
[BlackElo "2530"]
[Annotator "Robot 11"]
[PlyCount "105"]
[EventDate "2015.??.??"]
[EventCountry "GEO"]
[TimeControl "900+10"]

1. d4 Nf6 2. c4 e6 3. Nc3 Bb4 4. Qc2 Nc6 5. Nf3 d6 6. Bd2 O-O 7. e3 e5 8.
dxe5 Nxe5 9. Be2 Be6 10. a3 Bxc3 11. Bxc3 Nfd7 12. Nxe5 Nxe5 13.
c5 Qh4 14. O-O Ng4 15. h3 Nf6 16. cxd6 cxd6 17. Rad1 d5 18. Rd4 Qg5 19. f4 Qh6 20. Rf3 Ne4 21. f5 Nxc3 22. Qxc3 Bd7 23. Rg4 g6 24. Qd4 Rac8 25. Kh2 Rfe8 26. Rh4 Qg7 27. f6 Qf8 28. Bd3 Qd6+ 29. Rhf4 Re5 30. Qxa7 b6 31. Kg1 Rxe3 32. Rxe3 Qxf4 33. Rf3 Qd6 34. Qa6 Re8 35. b4 Re1+ 36. Bf1 h5 37. Qd3 d4 38. Qd2 Re6 39. Rf4 d3 40.
Bxd3 Rxf6 41. Rxf6 Qxf6 42. Be4 Qa1+ 43. Kf2 Qf6+ 44. Bf3 Ba4 45. Qd5 Kg7 46. Ke3 Qc3+ 47. Kf4 Qf6+ 48. Kg3 h4+ 49. Kh2 Qf4+ 50. Kg1 Qe3+ 51. Kh2 Qf4+ 52. Kg1 Qe3+ 53. Kh2 1/2-1/2

[Event "16th EWICC 2015"]
[Site "Kutaisi"]
[Date "2015.06.01"]
[Round "4"]
[White "Gvetadze, Sofio"]
[Black "Batsiashvili, Nino"]
[Result "1-0"]
[ECO "A00"]
[WhiteElo "2319"]
[BlackElo "2473"]
[Annotator "Robot 11"]
[PlyCount "115"]
[EventDate "2015.??.??"]
[EventCountry "GEO"]
[TimeControl "900+10"]

1. g3 f5 2. Bg2 Nf6 3. Nf3 g6 4. O-O Bg7 5. c4 d6 6. Nc3 O-O 7. d3 e5 8.
Bd2 c6 9. Rc1 Qe7 10. b4 Nbd7 11. Ne1 h6 12. b5 c5 13. Nc2 Nb6 14. a4 a5 15.
bxa6 Rxa6 16. a5 Na8 17. Rb1 Nc7 18. Bxb7 Bxb7 19. Rxb7 Qd8 20.
Qc1 f4 21. Nb5 Ne6 22. Ne1 d5 23. cxd5 Nxd5 24. Qc4 Kh8 25. Nf3 g5 26. Qe4 Nd4 27. Nxe5 Qe8 28. Nf7+ Kg8 29. Nxh6+ Rxh6 30. Qxd5+ Kh8 31. Nxd4 Bxd4 32. Qxg5 Rh5 33. Qe7 fxg3 34. hxg3 Qa8 35. Be3 Bf6 36. Qe4 Qc8 37. Qg2 Qe6 38. Rfb1 Be5 39. Bxc5 Rg8 40. R7b4 Qc8 41. Bd4 Bxd4 42. Rxd4 Qc2 43. Rf1 Qxe2 44. Rd5 Rh6 45. d4 Rg7 46. Re5 Qc4 47. Re8+ Rg8 48. Rxg8+ Kxg8 49. Qa8+ Kg7 50. Qb7+ Kf8 51. Re1 Qxd4 52. Qe7+ Kg8 53. Qe8+ Kg7 54. Re7+ Kf6 55. Qf8+ Kg5 56. Rg7+ Rg6 57. Qf4+ Qxf4 58. Rxg6+ 1-0

[Event "16th EWICC 2015"]
[Site "Kutaisi"]
[Date "2015.06.01"]
[Round "4"]
[White "Jalaghonia, Nino"]
[Black "Tereladze, Sopiko"]
[Result "1/2-1/2"]
[ECO "A98"]
[WhiteElo "1865"]
[BlackElo "2128"]
[Annotator "Robot 11"]
[PlyCount "155"]
[EventDate "2015.??.??"]
[EventCountry "GEO"]
[TimeControl "900+10"]

1. c4 f5 2. Nc3 Nf6 3. g3 e6 4. Bg2 Be7 5. d4 O-O 6. Nf3 Qe8 7. O-O d6 8.
Qc2 Nbd7 9. b4 Rb8 10. Nb5 Nb6 11. Nxc7 Qc6 12. Nb5 Qxc4 13. Qxc4 Nxc4 14. a4 a6 15. Nc3 Bd7 16. b5 Rbc8 17. bxa6 bxa6 18. Nd1 Ne4 19. a5 Bd8 20. Ne3 Nxa5 21. Ba3 Bb5 22. Rfe1 Bb6 23. Bb4 Nc6 24. Nc2 Rfd8 25. e3 Ne7 26. Na3 Nd5 27. Bd2 Bd3 28. Red1 Be2 29. h4 Bxd1 30. Rxd1 Ndc3 31. Ra1 a5 32. Bf1 Nxd2 33. Nxd2 d5 34. Nf3 h6 35.
Ne5 Ne4 36. Bb5 Rc7 37. Ba4 Nc3 38. Nb5 Nxb5 39. Bxb5 Kf8 40. Rb1 Rd6 41. Ba4 Ke7 42. Ng6+ Kd8 43. Ne5 Kc8 44. f3 Kb7 45. g4 fxg4 46. fxg4 Ka7 47. g5 Rb7 48. g6 Bd8 49. Rxb7+ Kxb7
50. Nf7 Kc7 51. Nxd6 Kxd6 52. h5 Ke7 53. Kf2 Kf6 54. Kg3 Be7 55. Kg4 Bb4 56. Bd1 Bd2 57. Kf4 Bc1 58. Ba4 Bd2 59. Bc2 Be1 60. Ba4 Bh4 61. Bc2 Bg5+ 62. Kf3 e5 63. dxe5+ Kxe5 64.
Ke2 d4 65. exd4+ Kxd4 66. Ba4 Kc3 67. Kd1 Kb2 68. Bd7 Be7 69. Bc6 Bb4 70. Bd7 Ba3 71. Bc6 Kb3 72. Bd5+ Kc3 73. Bc6 Bd6 74. Kc1 Kb3 75. Kb1 a4 76. Bd5+ Ka3 77. Be6 Be5 78. Bf7 1/2-1/2

[Event "16th EWICC 2015"]
[Site "Kutaisi"]
[Date "2015.06.01"]
[Round "4"]
[White "Khomeriki, Ketevan"]
[Black "Melashvili, Nino"]
[Result "0-1"]
[ECO "B20"]
[WhiteElo "1861"]
[BlackElo "2173"]
[Annotator "Robot 11"]
[PlyCount "44"]
[EventDate "2015.??.??"]
[EventCountry "GEO"]
[TimeControl "900+10"]

1. e4 c5 2. d3 Nc6 3. f4 d6 4. Nf3 g6 5. g4 Bxg4 6. Bg2 Qd7 7. O-O Bg7 8. c3 h5 9. h4 Bh3 10. f5 Bxg2 11. Kxg2 gxf5 12. Ng5 f6 13. Nh3 fxe4 14. dxe4 O-O-O 15. Nf4 Bh6 16. Ng6 Bxc1 17. Qxc1 Rh6 18. Nf4 f5 19. Nd2 e5 20. Nd5 f4 21. Nc4 Qg4+ {[%emt 0:01:06] Rf3 
[%clk 0:07:44] Rg6+ [%clk 0:11:12] Qh1 [%clk 0:07:42] Qe6+ [%clk 0:09:18] Qd1 
[%clk 0:05:37] Nge7+ [%clk 0:08:19] Rd3 [%clk 0:05:18] b5+ [%clk 0:06:39]
Nxe7+ [%clk 0:02:45] Qxe7+ [%clk 0:06:25] Na3 [%clk 0:01:22] Qxh4+ [%clk 0:06:
23] Qe1 [%clk 0:00:59] Rdg8+ [%clk 0:06:15] Nxb5 [%clk 0:00:28] Rg3+ [%clk 0:
06:11] Rxg3 [%clk 0:00:31] Rxg3+ [%clk 0:06:19] Kf1 [%clk 0:00:33] Qh1+ [%clk
0:06:02]} 22. Kf2 Qg2+ 0-1

[Event "16th EWICC 2015"]
[Site "Kutaisi"]
[Date "2015.06.01"]
[Round "4"]
[White "Khomeriki, Nino"]
[Black "Charochkina, Daria"]
[Result "0-1"]
[ECO "A05"]
[WhiteElo "2228"]
[BlackElo "2391"]
[Annotator "Robot 11"]
[PlyCount "76"]
[EventDate "2015.??.??"]
[EventCountry "GEO"]
[TimeControl "900+10"]

1. Nf3 Nf6 2. g3 g6 3. b3 Bg7 4. Bb2 O-O 5. Bg2 d5 6. c4 c5 7. O-O Nc6 8.
e3 Bf5 9. cxd5 Nb4 10. d4 Nfxd5 11. Ne5 cxd4 12. Bxd4 Nc2 13. Nxf7 Kxf7 14. Bxg7 Kxg7 15. Bxd5 Nxa1 16. e4 e6 17. exf5 Qxd5 18. Na3 Qxd1 19. Rxd1 Nxb3 20. axb3 exf5 21. Nc4 Rad8 22. Ra1 a6 23. f4 Rd3 24. Ne5 Rxb3 25. Rc1 a5 26. Rc7+ Kg8 27. Kg2 a4 28. Kh3 a3 29. Kh4 a2 30.
Kg5 a1=Q 31. Kh6 Qxe5 32. fxe5 Re8 33. Rg7+ Kf8 34. Rxh7 Rxe5 35. h4 Rxg3 36. h5 gxh5 37. Rxb7 Re6+ 38. Kh7 Re7+ 0-1

[Event "16th EWICC 2015"]
[Site "Kutaisi"]
[Date "2015.06.01"]
[Round "4"]
[White "Mikadze, Miranda"]
[Black "Petrenko, Svetlana"]
[Result "0-1"]
[ECO "B22"]
[WhiteElo "2233"]
[BlackElo "2207"]
[Annotator "Robot 11"]
[PlyCount "164"]
[EventDate "2015.??.??"]
[EventCountry "GEO"]
[TimeControl "900+10"]

1. e4 c5 2. c3 g6 3. d4 Qc7 4. Nf3 Bg7 5. Be2 b6 6. O-O Bb7 7. e5 d5 8. e6 f6 9. Na3 a6 10. c4 dxc4 11. dxc5 b5 12. Be3 Nh6 13. b3 Nf5 14. Bd2 Qxc5 15.
bxc4 Qxa3 16. cxb5 O-O 17. Qc2 axb5 18. Qc7 Be4 19. Bf4 Na6 20. Qd7 Nc5 21. Qxb5 Bxf3 22. gxf3 Nd4 23. Qc4 Nxe2+ 24. Qxe2 Ra6 25. Rfe1 Nd3 26. Bc1 Qd6 27. Rd1 Nxc1 28. Raxc1 Qxe6 29. Qb5 Rxa2 30. Re1 Qf7 31. Rc7 Re8 32. Qc5 Bf8 33. Qc6 Rd2 34. Re6 g5 35. Kg2 h5 36. h3 Red8 37. Qe4 R2d7 38. Rcc6 Rd6 39. Qf5 Rxe6 40. Rxe6 Rd6 41. Re2 e6 42. Qb5 e5 43. Rc2 g4 44. hxg4 hxg4 45.
fxg4 Qd5+ 46. Qxd5+ Rxd5 47. Rc7 Rd4 48. Kg3 Rf4 49. f3 Bg7 50.
Re7 Kh7 51. Rb7 Kg6 52. Rd7 Bf8 53. Rc7 Bb4 54. Rc8 Be1+ 55. Kg2 Bh4 56. Rg8+ Kf7 57. Rh8 Bg5 58. Rh7+ Ke6 59. Ra7 Rc4 60. Ra5 Rc2+ 61. Kf1 Be3 62. Ra3 Bd4 63. Ke1 Kf7 64. Ra8 Rh2 65. Rb8 Ke6 66. Re8+ Kd6 67. Rf8 Ke7 68. Rg8 Be3 69. Rg7+ Ke6 70. Rb7 Kd5 71. Rb3 Kd4 72. Rb4+ Kc3 73. Ra4 Bd2+ 74. Kf1 Kd3 75. Ra6 Bg5 76. Ra3+ Kd4 77.
Ra4+ Ke3 78. Ra3+ Kf4 79. Rb3 Kg3 80. Kg1 Rc2 81. Kf1 Rf2+ 82.
Kg1 Rxf3 0-1

[Event "16th EWICC 2015"]
[Site "Kutaisi"]
[Date "2015.06.01"]
[Round "4"]
[White "Stefanova, Antoaneta"]
[Black "Arakhamia-Grant, Ketevan"]
[Result "1-0"]
[ECO "A05"]
[WhiteElo "2512"]
[BlackElo "2393"]
[Annotator "Robot 11"]
[PlyCount "71"]
[EventDate "2015.??.??"]
[EventCountry "GEO"]
[TimeControl "900+10"]

1. Nf3 Nf6 2. g3 c5 3. Bg2 Nc6 4. O-O d5 5. d4 e6 6. c4 dxc4 7. dxc5 Qxd1 8.
Rxd1 Bxc5 9. Nbd2 c3 10. bxc3 O-O 11. Nb3 Bb6 12. c4 Ne4 13. e3 a5 14. Ba3 Re8 15. Nfd4 Nxd4 16. exd4 Nf6 17. Nc5 Bxc5 18. Bxc5 Nd7 19. Bd6 Ra6 20. c5 Nf6 21. Rab1 Nd5 22. Re1 Rd8 23. Bxd5 exd5 24. Re7 a4 25. Rbe1 Be6 26. Rxb7 a3 27. Reb1 h6 28. f3 Ra4 29. R1b4 Rda8 30. c6 R4a6 31. R4b6 Rxb6 32. Rxb6 Ra4 33. Bb4 Kh7 34. c7 Ra7 35.
Rxe6 Rxc7 36. Re2 1-0

[Event "16th EWICC 2015"]
[Site "Kutaisi"]
[Date "2015.06.01"]
[Round "4"]
[White "Zhukova, Natalia"]
[Black "Vakhania, Alexandra"]
[Result "1-0"]
[ECO "D15"]
[WhiteElo "2456"]
[BlackElo "2130"]
[Annotator "Robot 11"]
[PlyCount "95"]
[EventDate "2015.??.??"]
[EventCountry "GEO"]
[TimeControl "900+10"]

1. c4 c6 2. d4 d5 3. Nf3 Nf6 4. Nc3 a6 5. g3 b5 6. c5 Bf5 7. Bg2 Nbd7 8. O-O e6 9. Nh4 Be7 10. Nxf5 exf5 11. Qd3 g6 12. Bh6 Ng4 13. Bf4 h5 14. h4 O-O 15. Rad1 Qc8 16. b4 a5 17. a3 axb4 18. axb4 Ra3 19. Nxd5 Rxd3 20. Nxe7+ Kg7 21. Nxc8 Rxd1 22. Rxd1 Rxc8 23. Ra1 Nf8 24. Ra6 Ne6 25. e3 Nd8 26. Bd6 Nb7 27. Bf4 Nd8 28. Bg5 Nf6 29. Bxf6+ Kxf6 30. d5 Ke5 31. dxc6 Ne6 32. Rb6 Nc7 33. Rb7 f6 34. Bf1 Kd5 35.
Bxb5 Nxb5 36. Rxb5 Kxc6 37. Rb6+ Kd5 38. Rxf6 Kc4 39. Rb6 Rg8 40. Kg2 Kd5 41. Kf3 Ke5 42. c6 Kd6 43. b5 g5 44. hxg5 Rxg5 45.
Rb7 Rg4 46. Rd7+ Ke6 47. Rd4 Rg8 48. c7 {[%emt 0:00:05]
Kd5 Ke4+} 1-0

[Event "16th EWICC 2015"]
[Site "Kutaisi"]
[Date "2015.06.01"]
[Round "4"]
[White "Zaksaite, Salomeja"]
[Black "Tedoshvili, Ana"]
[Result "1-0"]
[ECO "C11"]
[WhiteElo "2203"]
[BlackElo "1805"]
[Annotator "Robot 11"]
[PlyCount "45"]
[EventDate "2015.??.??"]
[EventCountry "GEO"]
[TimeControl "900+10"]

1. e4 e6 2. d4 d5 3. Nc3 Nf6 4. Bd3 Bb4 5. e5 Nfd7 6. Qg4 g6 7. Bg5 Be7 8. h4 h5 9. Qg3 c5 10. Bxe7 Kxe7 11. Nb5 Kf8 12. Nd6 Kg7 13. Nf3 cxd4 14. Nxf7 Kxf7 15. Bxg6+ Kf8 16. Qf4+ Kg7 17. Qf7+ Kh6 18.
Bd3 Qg8 19. Qf4+ Kg7 20. Rh3 Qf7 21. Qg5+ Kf8 22. Nxd4 Ke8 23.
Bg6 1-0

[Event "16th EWICC 2015"]
[Site "Kutaisi"]
[Date "2015.06.02"]
[Round "5"]
[White "Arabidze, Meri"]
[Black "Kosteniuk, Alexandra"]
[Result "0-1"]
[ECO "A28"]
[WhiteElo "2403"]
[BlackElo "2530"]
[Annotator "Robot 11"]
[PlyCount "64"]
[EventDate "2015.??.??"]
[EventCountry "GEO"]
[TimeControl "900+10"]

1. c4 Nf6 2. Nc3 e5 3. Nf3 Nc6 4. e3 Bb4 5. Qc2 O-O 6. Nd5 Re8 7. Qf5 d6 8. Nxf6+ gxf6 9. Qc2 e4 10. Ng1 d5 11. a3 Bf8 12. cxd5 Qxd5 13. Bc4 Qg5 14. Ne2 Ne5 15. Ng3 f5 16. d4 exd3 17. Bxd3 Nxd3+ 18. Qxd3 f4 19. Ne2 Bf5 20. Qb3 Rad8 21. Bd2 Bc5 22. h4 Qh6 23.
Bb4 Bb6 24. O-O fxe3 25. f3 Qxh4 26. Rac1 Bd3 27. Be1 Qh6 28. Rc2 Bxc2 29. Qxc2 Rd2 30. Qc4 Qe6 31. Qb5 c6 32. Qg5+ Qg6 0-1

[Event "16th EWICC 2015"]
[Site "Kutaisi"]
[Date "2015.06.02"]
[Round "5"]
[White "Batsiashvili, Nino"]
[Black "Khomeriki, Nino"]
[Result "1-0"]
[ECO "A56"]
[WhiteElo "2473"]
[BlackElo "2228"]
[Annotator "Robot 11"]
[PlyCount "123"]
[EventDate "2015.??.??"]
[EventCountry "GEO"]
[TimeControl "900+10"]

1. d4 Nf6 2. c4 c5 3. Nf3 cxd4 4. Nxd4 e5 5. Nb5 d5 6. cxd5 Bc5 7. e3 O-O 8.
N5c3 e4 9. Nd2 Re8 10. a3 Bf5 11. Nb3 Bd6 12. Be2 Nbd7 13. Nd4 Bg6 14. O-O Nb6 15. Ndb5 Nfxd5 16. Nxd5 Nxd5 17. Nxd6 Qxd6 18. Qb3 b6 19. Rd1 Rad8 20. Bd2 Qe5 21. Be1 Bh5 22. Bxh5 Qxh5 23. Rd4 Nf6 24. Rad1 Rxd4 25. Rxd4 Rc8 26. Bc3 h6 27. Qd1 Qf5 28. h3 Kh7 29. Rd6 Ne8 30. Rd7 Rc6 31. Rd8 Nc7 32. Qd7 Qe6 33. Qxe6 Rxe6 34. Rd7 Nb5 35. Rxf7 Nxc3 36. bxc3 a5 37. Rb7 Rc6 38. c4 Rxc4 39. Rxb6 Rc3 40. Re6 Rxa3 41. Rxe4 Kg6 42. Re7 Kf6 43. Ra7 Ra2 44. f3 a4 45.
Kh2 Ra3 46. e4 Ra2 47. Kg3 g6 48. f4 Ra3+ 49. Kg4 Ra2 50. Ra6+ Kf7 51. g3 Ra3 52. e5 Ra1 53. Kh4 a3
54. g4 a2 55. f5 g5+ 56. Kh5 Rh1 57. Ra7+ Ke8 58. Rxa2 Rxh3+ 59.
Kg6 Rh4 60. f6 Rxg4 61. f7+ Ke7 62. Ra7+ 1-0

[Event "16th EWICC 2015"]
[Site "Kutaisi"]
[Date "2015.06.02"]
[Round "5"]
[White "Charkhalashvili, Inga"]
[Black "Schleining, Zoya"]
[Result "0-1"]
[ECO "A41"]
[WhiteElo "2318"]
[BlackElo "2375"]
[Annotator "Robot 11"]
[PlyCount "126"]
[EventDate "2015.??.??"]
[EventCountry "GEO"]
[TimeControl "900+10"]

1. d4 d6 2. c4 e5 3. e3 Nf6 4. Nc3 Nbd7 5. Nf3 g6 6. Be2 Bg7 7. b4 a5 8. b5 O-O 9. Ba3 Re8 10. O-O exd4 11. Nxd4 Nc5 12. Bf3 Nce4 13.
Nxe4 Nxe4 14. Rc1 Bd7 15. Qc2 Qe7 16. Rfd1 b6 17. Bb2 Rac8 18. Qe2 f5 19. g3 Bf6 20. Bg2 Qg7 21. Ba1 Re7 22. Qc2 Rce8 23.
Ne2 Bxa1 24. Rxa1 g5 25. Qd3 Re5 26. Qd4 h6 27. Rac1 Be6 28. f4 Rc5 29. Bxe4 fxe4 30. Qxe4 Qf7 31. fxg5 Bxc4 32. Qg4 h5 33. g6 Qe7 34. Qf3 Qxe3+ 35. Qxe3 Rxe3 36. Nd4 Bxa2 37. Rxc5 bxc5 38. Nf5 Rf3 39. Ne7+ Kg7 40. Ra1 Be6 41. Kg2 Re3 42. Kf2 Re5 43. Rxa5 Bc4 44. Nc6 Re2+ 45. Kg1 Kxg6 46. Ra7 Bxb5 47. Nd8 Re8 48. Nb7 Rf8 49. Ra1 Bc6 50. Na5 Ra8 51. Kf2 Bd5 52. Ke3 Bf7 53. Kd3 d5 54. Nb3 Rxa1 55. Nxa1 Kf6 56. Kc3 Ke5 57. Nc2 d4+ 58. Kd2 c4 59. Nb4 c5 60.
Nc6+ Kd6 61. Na5 c3+ 62. Kc2 Bd5 63. Kd3 Ke5 {Kxd4+} 0-1

[Event "16th EWICC 2015"]
[Site "Kutaisi"]
[Date "2015.06.02"]
[Round "5"]
[White "Charochkina, Daria"]
[Black "Gvetadze, Sofio"]
[Result "1/2-1/2"]
[ECO "D34"]
[WhiteElo "2391"]
[BlackElo "2319"]
[Annotator "Robot 11"]
[PlyCount "194"]
[EventDate "2015.??.??"]
[EventCountry "GEO"]
[TimeControl "900+10"]

1. Nf3 Nf6 2. g3 d5 3. c4 e6 4. Bg2 c5 5. cxd5 exd5 6. d4 Nc6 7. O-O Be7 8.
Nc3 O-O 9. Bg5 c4 10. Ne5 Be6 11. Qd2 Rc8 12. e3 h6 13. Bxf6 Bxf6 14. f4 Ne7 15. e4 dxe4 16. Nxe4 b5 17. Rad1 Qb6 18. Nc5 Rcd8 19. Qf2 Nf5 20. d5 Bc8 21. Rfe1 Nd6 22. Bf3 Rfe8 23. b4 cxb3 24. axb3 a5 25.
Kg2 Bf5 26. g4 Bc8 27. Nc6 Rxe1 28. Rxe1 Re8 29. Rxe8+ Nxe8 30. Qe3 Nd6 31. g5 hxg5 32. fxg5 Bxg5 33. Qxg5 Qxc5 34. Qd8+ Kh7 35. Qh4+ Kg8 36. Ne7+ Kf8 37. Nxc8 Qxc8 38. Qh8+ Ke7 39. Qxg7 Qc2+ 40. Kf1 Qc1+ 41. Kf2 Qd2+ 42. Kf1 Qf4 43. Qc3 Ne4 44. d6+ Nxd6 45. Kg2 Nf5 46. Qc5+ Kf6 47. Qc6+ Kg7 48. Qc3+ Nd4 49. Ba8 f6 50. Qxa5 Qg4+ 51. Kf2 Qe2+ 52. Kg3 Nf5+ 53. Kf4 Qe5+ 54. Kf3 Qxh2 55. Qa7+ Kh6 56. Qd7 Qh1+ 57. Kf2 Qxa8 58. Qxf5 Qa2+ 59. Kg1 Qa1+ 60. Kf2 Qb2+ 61. Kf1 Qc1+ 62. Kf2 Qd2+ 63. Kf1 Qd1+ 64. Kf2 Qd4+ 65. Kf1 Qe5 66. Qh3+ Kg6 67. Qg4+ Qg5 68. Qb4 Qf5+ 69. Kg2 Kg5 70. Qd2+ Kh5 71. Qc3 Qe4+ 72. Kf2 Qf4+ 73. Kg2 b4 74. Qd3 f5 75. Qd7 Qe4+ 76. Kh2 Qc2+ 77. Kg1 Qc1+ 78. Kg2 Qg5+ 79. Kf2 Kh4 80. Qd4+ Qg4 81. Qh8+ Kg5 82. Qd8+ Kg6 83. Qg8+ Kf6 84. Qf8+ Ke5 85. Qc5+ Ke6 86. Qc6+ Kf7 87. Qd7+ Kg6 88. Qe8+ Kh7 89. Qf7+ Kh6 90. Qf8+ Kh7 91. Qf7+ Kh6 92. Qf6+ Kh5 93. Qh8+ Kg5 94. Qg7+ Kh4 95. Qh6+ Qh5 96. Qf4+ Qg4 97. Qh6+ Qh5 1/2-1/2

[Event "16th EWICC 2015"]
[Site "Kutaisi"]
[Date "2015.06.02"]
[Round "5"]
[White "Choladze, Mariam"]
[Black "Javakhishvili, Lela"]
[Result "0-1"]
[ECO "C60"]
[WhiteElo "1989"]
[BlackElo "2472"]
[Annotator "Robot 11"]
[PlyCount "138"]
[EventDate "2015.??.??"]
[EventCountry "GEO"]
[TimeControl "900+10"]

1. e4 e5 2. Nf3 Nc6 3. Bb5 g6 4. c3 a6 5. Ba4 d6 6. O-O Bg7 7. d4 Bd7 8. Re1 Nf6 9. Bxc6 Bxc6 10. dxe5 dxe5 11. Qxd8+ Rxd8 12. Nxe5 Bxe4 13.
f3 Bxb1 14. Nc6+ Be4 15. Nxd8 Kxd8 16. fxe4 Kd7 17. Bf4 Re8 18.
Rad1+ Kc8 19. Bg5 Nd7 20. Re2 h6 21. Red2 Nf6 22. Bxf6 Bxf6 23. Rf2 Re6 24. Rdf1 Be7 25. Rxf7 Rxe4 26. Rg7 Re6 27. Rff7 Kd8 28. Kf1 a5 29. g3 a4 30. Rf2 a3 31. bxa3 Bxa3 32. Re2 Rf6+ 33. Kg2 Bc5 34. Rd2+ Bd6 35. Rd4 b6 36. Ra4 Kc8 37. Ra8+ Kb7 38. Rag8 Bc5 39. Rxg6 Rf2+ 40. Kh3 Rxa2 41. Rxh6 Bg1 42. Kg4 Bxh2 43. Rh7 Bg1 44. Rgg7 Ra4+ 45. Kh3 Rc4 46. Kg2 Be3 47. g4 Rxc3 48. g5 Bd4 49. Rd7 Be5 50. Rh3 Rc4 51. Rh5 Kc6 52. Rf7 Kd5 53. Kf3 Rc3+ 54. Kg4 Ke4 55. Rh3 Rc1 56. Kh5 b5 57. g6 Rg1 58. Rh4+ Kd5 59. Rg4 Rh1+ 60.
Kg5 Ke6 61. Rxc7 Bxc7 62. g7 Kf7 63. Kf5 Kg8 64. Kf6 Rf1+ 65.
Kg6 Bd6 66. Rg5 b4 67. Rd5 Be7 68. Rd7 Rg1+ 69. Kh6 Rxg7 0-1

[Event "16th EWICC 2015"]
[Site "Kutaisi"]
[Date "2015.06.02"]
[Round "5"]
[White "Choladze, Tea"]
[Black "Mikadze, Miranda"]
[Result "0-1"]
[ECO "B12"]
[WhiteElo "1755"]
[BlackElo "2233"]
[Annotator "Robot 11"]
[PlyCount "74"]
[EventDate "2015.??.??"]
[EventCountry "GEO"]
[TimeControl "900+10"]

1. e4 c6 2. d4 d5 3. e5 c5 4. c3 Nc6 5. Be3 Bf5 6. Nf3 cxd4 7. Nxd4 Bg6 8. Bb5 Rc8 9. O-O e6 10. Nd2 Nge7 11. Qa4 a6 12. Bxc6+ Nxc6 13. Nxc6 Rxc6 14. Nb3 b5 15. Qf4 Be7 16. Nd4 Rc4 17. Bd2 O-O 18. b3 Rc8 19. a4 h6 20. Qf3 Qb6 21. axb5 axb5 22. Qe2 b4 23. Be3 bxc3 24. Nf5 Qd8 25. Nxe7+ Qxe7 26. Ra7 Qb4 27. Qa2 Rb8 28. Ra3 c2 29.
Qb2 Rfc8 30. Qc1 Qc3 31. Bd2 Qxe5 32. Bf4 Qc3 33. Bxb8 Rxb8 34.
Qa1 Qb4 35. Rc1 Kh7 36. Qb2 d4 37. Ra4 Qxa4 0-1

[Event "16th EWICC 2015"]
[Site "Kutaisi"]
[Date "2015.06.02"]
[Round "5"]
[White "Gaponenko, Inna"]
[Black "Stefanova, Antoaneta"]
[Result "1/2-1/2"]
[ECO "C47"]
[WhiteElo "2391"]
[BlackElo "2512"]
[Annotator "Robot 11"]
[PlyCount "119"]
[EventDate "2015.??.??"]
[EventCountry "GEO"]
[TimeControl "900+10"]

1. e4 e5 2. Nf3 Nc6 3. Nc3 Nf6 4. d4 exd4 5. Nxd4 Bb4 6. Nxc6 bxc6 7. Bd3 O-O 8. O-O d5 9. exd5 cxd5 10. h3 c6 11. Qf3 Rb8 12. Bf4 Bd6 13.
b3 Rb4 14. Bxd6 Qxd6 15. Ne2 c5 16. c3 Rb7 17. Qf4 Rd8 18. Qxd6 Rxd6 19. Rfe1 a5 20. Rad1 Bd7 21. Ng3 g6 22. c4 a4 23. cxd5 axb3 24. axb3 Rxd5 25. Ne4 Nxe4 26. Bxe4 Rxd1 27. Rxd1 Rc7 28. Bd5 Be6 29. Bxe6 fxe6 30. Rc1 Rb7 31. Rxc5 Rxb3 32. Rc7 Rb2 33. g4 g5 34. Kg2 Rb3 35.
Re7 Rb6 36. Kg3 Rb3+ 37. f3 Re3 38. Kg2 h6 39. Kg3 Kh8 40. Kg2 Kg8 41. Kg3 Kh8 42. Kf2 Re5 43. h4 gxh4 44. f4 Re4 45. Kf3 Re1 46. Kf2 h3 47.
Kg3 Re3+ 48. Kh2 Rf3 49. Rxe6 Rxf4 50. Rxh6+ Kg7 51. Rh4 Kg6 52.
Kg3 Ra4 53. Rxh3 Ra3+ 54. Kh4 Ra1 55. Rb3 Rh1+ 56. Kg3 Rg1+ 57. Kf3 Rf1+ 58. Kg2 Ra1 59. Rb5 Ra3 60. Rc5 1/2-1/2

[Event "16th EWICC 2015"]
[Site "Kutaisi"]
[Date "2015.06.02"]
[Round "5"]
[White "Gaprindashvili, Nona"]
[Black "Mammadzada, Gunay"]
[Result "0-1"]
[ECO "D11"]
[WhiteElo "2302"]
[BlackElo "2336"]
[Annotator "Robot 11"]
[PlyCount "123"]
[EventDate "2015.??.??"]
[EventCountry "GEO"]
[TimeControl "900+10"]

1. d4 d5 2. c4 c6 3. Nf3 Nf6 4. Qb3 dxc4 5. Qxc4 Bg4 6. Ne5 Be6 7. Qd3 Nbd7 8. Nxd7 Qxd7 9. e4 Rd8 10. Be3 Ng4 11. Nc3 Nxe3 12. fxe3 g6 13. d5 Bg7 14. O-O-O cxd5 15. exd5 Bg4 16. Rd2 Qc8 17. Rc2 O-O 18. Be2 Bf5 19. e4 Bd7 20. Kb1 Qb8 21. g4 Qe5 22. h4 h6 23. h5 g5 24. Bf3 Rc8 25. Rhc1 Rc7 26. Nd1 Rxc2 27. Qxc2 Rc8 28. Qd2 Rxc1+ 29. Kxc1 Qg3 30. Qe2 Qg1 31. Qe3 Qg3 32. Be2 Qc7+ 33. Kb1 Be5 34. Nc3 b6 35. Qd3 Kg7 36. Nd1 Qc5 37. Ne3 Bf4 38. Nd1 Qg1 39. Qc3+ Kg8 40. Qf3 Qd4 41. Nc3 Qg1+ 42. Kc2 b5 43. a3 a5 44. Kb3 b4 45.
axb4 axb4 46. Kxb4 Qa1 47. Kb3 Bc1 48. Kc4 Qxb2 49. Bd1 Bc8 50.
Ba4 Bd2 51. Bb5 Bxc3 52. Qxc3 Qxc3+ 53. Kxc3 Bxg4 54. e5 Kf8 55.
Kd4 Bxh5 56. d6 exd6 57. exd6 Bg4 58. Ke5 Be6 59. Kf6 g4 60. Bc4 Ke8 61. Bb5+ Kf8 62. Bc6 0-1

[Event "16th EWICC 2015"]
[Site "Kutaisi"]
[Date "2015.06.02"]
[Round "5"]
[White "Gognadze, Tsira"]
[Black "Donghvani, Nia"]
[Result "0-1"]
[ECO "B76"]
[WhiteElo "1144"]
[BlackElo "1444"]
[Annotator "Robot 11"]
[PlyCount "51"]
[EventDate "2015.??.??"]
[EventCountry "GEO"]
[TimeControl "900+10"]

1. e4 c5 2. Nf3 d6 3. d4 cxd4 4. Nxd4 Nf6 5. Nc3 g6 6. f3 Bg7 7. Be3 O-O 8.
Qd2 Nc6 9. Nb3 a6 10. O-O-O b5 11. a3 Bd7 12. g4 Rc8 13. h4 Ne5 14. Bg2 Nc4 15. Qe2 Nxe3 16. Qxe3 a5 17. h5 b4 18. Nb1 Qc7 19. Na1 bxa3 20. Nxa3 Ne8 21. Rd3 a4 22. Kd1 Bxb2 23. Ke2 Bg7 24. Kf2 Rb8 25. Kg3 d5+ 26. f4 0-1